 Dungeon Crawl Stone Soup version 0.28.0-53-g5a82cb258f (webtiles) character file.

Game seed: 17239538429222902632

1341 Zeld the Geomancer (level 8, -4/41 HPs)
             Began as a Gargoyle Earth Elementalist on May 26, 2022.
             Was an Initiate of Vehumet.
             Engulfed by a cloud of flame (22 damage)
             ... on level 5 of the Dungeon.
             The game lasted 00:08:48 (4680 turns).

Zeld the Geomancer (Gargoyle Earth Elementalist)    Turns: 4680, Time: 00:08:48

Health: -4/41      AC: 10    Str: 12    XL:     8   Next: 62%
Magic:  13/18      EV: 11    Int: 18    God:    Vehumet [......]
Gold:   153        SH:  0    Dex: 10    Spells: 10/20 levels left

rFire   . . .      SeeInvis .   a - +1 flail (drain)
rCold   . . .      Faith    .   (no shield)
rNeg    + . .      Spirit   .   n - +1 robe {Archmagi}
rPois   ∞          Reflect  .   (no helmet)
rElec   +          Harm     .   j - +1 cloak
rCorr   .          Rampage  .   (no gloves)
Will    .....      Archmagi +   (no boots)
Stlth   ++........              (no amulet)
HPRegen 0.13/turn               (no ring)
MPRegen 0.16/turn               (no ring)

@: no status effects
A: sickness immunity, AC +5, negative energy resistance 1, electricity
resistance, torment resistance 1, petrification resistance
a: Renounce Religion


You were on level 5 of the Dungeon.
You worshipped Vehumet.
Vehumet was noncommittal.
You visited 2 branches of the dungeon, and saw 6 of its levels.

You collected 153 gold pieces.

Inventory:

Hand Weapons
 a - a +1 flail of draining (weapon)
Missiles
 h - 24 stones
Armour
 j - a +1 cloak (worn)
 n - a +1 robe of the Archmagi (worn)
Wands
 o - a wand of acid (5)
Scrolls
 b - 2 scrolls of fog {unknown}
 d - 6 scrolls of identify {unknown}
 f - a scroll of noise {unknown}
 g - a scroll of enchant armour {unknown}
 i - 4 scrolls of teleportation {unknown}
Potions
 c - a potion of flight {unknown}
 e - a potion of heal wounds {unknown}
 k - 3 potions of curing {unknown}
 l - a potion of cancellation {unknown}
 m - a potion of magic {unknown}


   Skills:
 - Level 1.5 Dodging
 - Level 2.1 Stealth
 * Level 6.7 Spellcasting
 - Level 2.0 Transmutations
 * Level 9.2 Earth Magic


You had 10 spell levels left.
You knew the following spells:

 Your Spells              Type           Power      Damage    Failure   Level
a - Sandblast             Erth           100%       2d20      1%          1
b - Passwall              Tmut/Erth      32%        N/A       1%          2
c - Stone Arrow           Conj/Erth      68%        3d11      4%          3
d - Petrify               Tmut/Erth      39%        N/A       11%         4

Your spell library contained the following spells:

 Spells                   Type           Power      Damage    Failure   Level
 Summon Small Mammal      Summ           36%        N/A       11%         1
 Call Canine Familiar     Summ           9%         N/A       32%         3
 Summon Guardian Golem    Hex/Summ       9%         N/A       32%         3
 Cause Fear               Hex            4%         N/A       73%         4
 Dragon Form              Tmut           9%         N/A       100%        7
 Dragon's Call            Summ           4%         N/A       100%        9


Dungeon Overview and Level Annotations

Branches:
Dungeon (5/15)             Temple (1/1) D:4

Altars:
Ashenzari
Cheibriados
Elyvilon
Fedhas
Gozag
Hepliaklqana
Kikubaaqudgha
Makhleb
Nemelex Xobeh
Okawaru
Qazlal
Ru
Sif Muna
Uskayaw
Vehumet
Wu Jian
Xom
Yredelemnul
Zin


Innate Abilities, Weirdness & Mutations

You are immune to sickness and miasma.
Your stone body is resilient. (AC +5)
You are immune to poison.
You resist negative energy. (rN+)
You are resistant to electric shocks. (rElec)
You are resistant to unholy torment.
You are immune to petrification.


Message History

An ice beast is nearby!
An ice beast is nearby!
Casting: Sandblast (safe; 1% risk of failure)
Confirm with . or Enter, or press ? or * to list all spells.
Aiming: Stone Arrow (dangerous; 5% risk of failure)
Press: ? - help, Shift-Dir - straight line, f - ice beast
Aim: an ice beast (asleep, 100% to hit)
You feel a surge of power!
The stone arrow hits the ice beast!
The ice beast is heavily wounded.
Unknown command.
Casting: Stone Arrow (dangerous; 5% risk of failure)
Confirm with . or Enter, or press ? or * to list all spells.
Aiming: Stone Arrow (dangerous; 5% risk of failure)
Press: ? - help, Shift-Dir - straight line, f/p - ice beast
Aim: an ice beast (heavily wounded, 74% to hit)
You feel a surge of power!
The stone arrow hits the ice beast!!
You kill the ice beast!
Unknown command.
Casting: Stone Arrow (dangerous; 4% risk of failure)
Confirm with . or Enter, or press ? or * to list all spells.
You can't see any susceptible monsters within range! (Use Z to cast anyway.) Unknown command.
Found 7 gold pieces.
Really walk into a travel-excluded area?
Found a trident.
Really walk into that cloud of flame?
Okay, then.
There is a radiant altar of Vehumet here.
You kneel at the altar of Vehumet.
Vehumet welcomes you!
Really walk into that cloud of flame? [Y]es or [N]o only, please.
Really walk into that cloud of flame?
You are engulfed in blazing flames.
Ouch! That really hurt!
You see here 7 gold pieces.
You now have 153 gold pieces (gained 7).
You are engulfed in blazing flames.
Ouch! That really hurt!
You die...

#............#..........#
##...##......#..........#
#...##......#.....######
#...##......#.....#
#...#.......#.....#
+...#......°....).#
#+####......§.§§..###
#####+.§_.§......
.......@.§..#.....
......☼.....#.....
........#...#.....
........+...# ....
........#...# ..)
............#
....######### ....


There were no monsters in sight!

Vanquished Creatures
  Pikel (D:4)
  Grinder (D:3)
  Edmund (D:4)
  Menkaure (D:4)
  An ice beast (D:5)
  2 water moccasin skeletons
  A howler monkey (D:4)
  2 hounds (D:4)
  A jelly (D:4)
  A hound skeleton (D:4)
  4 adders
  An adder skeleton (D:4)
  8 dart slugs (D:5)
  4 orcs
  A bat (D:2)
  16 endoplasms
  6 giant cockroaches
  11 goblins
  4 hobgoblins
  2 jackals (D:2)
  2 quokkas
  6 ball pythons
  2 frilled lizards
  6 kobolds
  6 rats
91 creatures vanquished.

Notes
Turn   | Place    | Note
-------+----------+-------------------------------------------
     0 | D:1      | Zeld the Gargoyle Earth Elementalist began the quest for
                  | the Orb.
     0 | D:1      | Reached XP level 1. HP: 10/10 MP: 3/3
   202 | D:1      | Found a faded altar of an unknown god.
   209 | D:1      | Reached skill level 1 in Transmutations
   209 | D:1      | Reached XP level 2. HP: 15/15 MP: 1/5
   355 | D:1      | Learned a level 2 spell: Passwall
   384 | D:1      | Reached skill level 4 in Earth Magic
   546 | D:1      | You fall into a shaft and drop 1 floor!
   848 | D:2      | Reached XP level 3. HP: 19/19 MP: 4/6
   852 | D:2      | Learned a level 3 spell: Stone Arrow
  2337 | D:3      | Reached XP level 4. HP: 22/24 MP: 2/8
  2545 | D:3      | Noticed Grinder
  2552 | D:3      | Paralysed by Grinder for 6 turns
  2558 | D:3      | Killed Grinder
  2559 | D:3      | Reached skill level 6 in Earth Magic
  2559 | D:3      | Reached XP level 5. HP: 11/28 MP: 0/10
  2559 | D:3      | Reached XP level 6. HP: 12/32 MP: 0/11
  2564 | D:3      | Learned a level 4 spell: Petrify
  3191 | D:4      | Noticed Edmund
  3255 | D:4      | Killed Edmund
  3278 | D:4      | Found a staircase to the Ecumenical Temple.
  3322 | D:4      | Reached XP level 7. HP: 12/36 MP: 5/13
  3348 | Temple   | Entered the Ecumenical Temple
  3693 | D:4      | Reached skill level 7 in Earth Magic
  3868 | D:4      | Reached skill level 5 in Spellcasting
  3942 | D:4      | Noticed Menkaure
  3942 | D:4      | Noticed Pikel
  3948 | D:4      | Killed Menkaure
  3950 | D:4      | Paralysed by Pikel for 5 turns
  3960 | D:4      | Paralysed by Pikel for 7 turns
  4002 | D:4      | Paralysed by Pikel for 4 turns
  4162 | D:4      | Paralysed by Pikel for 2 turns
  4164 | D:4      | Killed Pikel
  4165 | D:4      | Reached skill level 8 in Earth Magic
  4165 | D:4      | Reached XP level 8. HP: 41/41 MP: 2/17
  4501 | D:5      | Entered Level 5 of the Dungeon
  4511 | D:5      | Reached skill level 9 in Earth Magic
  4645 | D:5      | Found a radiant altar of Vehumet.
  4678 | D:5      | Became a worshipper of Vehumet
  4680 | D:5      | Engulfed by a cloud of flame

Illustrated notes

Levels and vault maps discovered:
D:1:      psy_arrival_whirlpool, layout_basic,
          shapermc_ecumenical_altar_starsandcircs
D:2:      layout_loops_cross
D:3:      layout_rooms, uniq_grinder
D:4:      layout_rooms, minmay_temple_entry_statues, uniq_menkaure, uniq_edmund,
          uniq_pikel
D:5:      kennysheep_slugbush, layout_gridville, fiery_altar_vehumet
Temple:   regret_index_temple_mists

Skill      XL: |  1  2  3  4  5  6  7  8 |
---------------+-------------------------+-----
Transmutations | 1 2 |  2.0
Earth Magic    | 4 6 8 9 |  9.2
Spellcasting   | 3 4 6 |  6.7
Dodging        | |  1.5
Stealth        | |  2.1

Action                   |  1- 3 |  4- 6 |  7- 9 || total
-------------------------+-------+-------+-------++-------
Melee: Unarmed           |    45 |    20 |       ||    65
       Punch             |       |     1 |       ||     1
       Flail             |       |       |    14 ||    14
 Cast: Sandblast         |    59 |    29 |    20 ||   108
       Stone Arrow       |     9 |    13 |    18 ||    40
       Petrify           |       |       |     1 ||     1
 Stab: Sleeping          |     1 |       |       ||     1
Armor: Robe              |    28 |    17 |    19 ||    64
Dodge: Dodged            |    54 |    22 |    19 ||    95
